 Dungeon Crawl Stone Soup version 0.27-a0-291-gd9602db6ee (webtiles) character file.

Game seed: 16923983108973639766

12289 Leibowitz the Covert (level 12, -2/34 (72) HPs)
             Began as a Kobold Gladiator on Nov 2, 2020.
             Was an Elder of Wu Jian.
             Slain by an orc warrior
             ... wielding a +0 flail
              (19 damage)
             ... on level 1 of the Orcish Mines on Feb 9, 2021.
             The game lasted 01:03:21 (17804 turns).

Leibowitz the Covert (Kobold Gladiator)            Turns: 17804, Time: 01:03:23

HP:   -2/34 (72)    AC: 13    Str: 11    XL:     12   Next: 18%
MP:   16/16         EV: 25    Int: 10    God:    Wu Jian [****..]
Gold: 784           SH:  8    Dex: 27    Spells: 16/19 levels left

rFire    + . .     SeeInvis .   a - +1 dagger (venom)
rCold    . . .     Faith    .   t - +0 buckler
rNeg     . . .     Spirit   .   C - +3 leather armour
rPois    .         Reflect  .   c - +0 helmet
rElec    .         Harm     .   H - scarf {+Inv}
rCorr    .         Rampage  .   e - +0 pair of gloves
Will     .....                  (no boots)
Stlth    +++++++...             J - amulet of regeneration
HPRegen  0.51/turn              x - +6 ring of dexterity
MPRegen  0.15/turn              u - +4 ring of protection

@: extremely drained
A: small, fire resistance 1, low mp 1, nightstalker 3
a: Renounce Religion, Evoke Invisibility, Wall Jump, Serpent's Lash


You were on level 1 of the Orcish Mines.
You worshipped Wu Jian.
Wu Jian was greatly pleased with you.
You visited 3 branches of the dungeon, and saw 13 of its levels.
You also visited: Ossuary and Gauntlet.

You collected 844 gold pieces.
You spent 60 gold pieces at shops.

Inventory:

Hand Weapons
 a - a +1 dagger of venom (weapon)
 b - a +1 rapier of protection
 s - the +4 rapier of the Lair of Beasts {vorpal, *Corrode Dex+3}
   (You found it on level 11 of the Dungeon)

   It inflicts extra damage upon your enemies.
   It affects your dexterity (+3).
   It may corrode you when you take damage.
Missiles
 d - 3 throwing nets (quivered)
Armour
 c - a +0 helmet (worn)
 e - a +0 pair of gloves (worn)
 t - a +0 buckler (worn)
 C - a +3 leather armour (worn)
 H - a scarf of invisibility (worn)
Jewellery
 g - an uncursed ring of see invisible
 p - an uncursed ring of flight
 u - a +4 ring of protection (right hand)
 x - a +6 ring of dexterity (left hand)
 D - an uncursed ring of positive energy {unknown}
 F - a +4 ring of slaying
 J - an amulet of regeneration (around neck)
Wands
 r - a wand of charming (10)
 E - a wand of acid (6)
Scrolls
 h - 2 scrolls of enchant weapon
 i - 8 scrolls of identify
 j - 2 scrolls of blinking
 m - 7 scrolls of remove curse
 n - 10 scrolls of teleportation
 o - 2 scrolls of immolation
 y - 4 scrolls of amnesia
 G - 2 scrolls of fear
Potions
 f - 3 potions of brilliance
 k - 2 potions of resistance
 l - 3 potions of might
 q - a potion of magic
 v - 7 potions of ambrosia
 w - 2 potions of heal wounds
 z - 4 potions of haste
 A - a potion of mutation
 B - 4 potions of curing
Miscellaneous
 I - a condenser vane


   Skills:
 * Level 7.1 Fighting
 + Level 9.5 Short Blades
 - Level 2.1 Throwing
 * Level 5.3 Armour
 * Level 8.8 Dodging
 * Level 13.7 Stealth
 * Level 4.2 Shields
 + Level 4.2 Spellcasting
 * Level 5.4 Hexes
 + Level 0.5 Evocations


You had 16 spell levels left.
You knew the following spells:

 Your Spells              Type           Power        Failure   Level
a - Confusing Touch       Hex            13%          12%         3

Your spell library contained the following spells:

 Spells                   Type           Power        Failure   Level
 Beastly Appendage        Tmut           4%           36%         1
 Wereblood                Tmut           2%           50%         2
 Gell's Gravitas          Tloc           1%           73%         3
 Spider Form              Tmut/Pois      1%           73%         3
 Metabolic Englaciation   Hex/Ice        3%           97%         5
 Yara's Violent Unravell  Hex/Tmut       3%           97%         5
 Ice Form                 Ice/Tmut       2%           98%         4
 Petrify                  Tmut/Erth      2%           98%         4
 Blade Hands              Tmut           1%           100%        5
 Irradiate                Conj/Tmut      1%           100%        5
 Hydra Form               Tmut           1%           100%        6
 Statue Form              Tmut/Erth      1%           100%        6
 Dragon Form              Tmut           1%           100%        7


Dungeon Overview and Level Annotations

Branches:
Dungeon (11/15)            Temple (1/1) D:5            Lair (0/6) D:9
    Orc (1/2) D:9         Ossuary (visited)         Gauntlet (visited)

Altars:
Ashenzari
Cheibriados
Dithmenos
Elyvilon
Fedhas
Gozag
Hepliaklqana
Kikubaaqudgha
Makhleb
Nemelex Xobeh
Okawaru
Qazlal
Ru
Sif Muna
Trog
Uskayaw
Vehumet
Wu Jian
Xom
Yredelemnul
Zin
The Shining One

Shops:
D:6 :   D:7 ?   D:8 :   D:10 *


Innate Abilities, Weirdness & Mutations

You are small and have problems with some larger weapons.
You are completely attuned to the shadows.
Your flesh is heat resistant. (rF+)
Your magical capacity is low. (-10% MP)


Message History

The orc completely misses you.
Your magical contamination has completely faded away.
Items here: ))))))))) [[[[[[[[[ ††††††.
You hit the orc.
The orc is almost dead.
An orc warrior comes into view. It is wielding a +0 flail.
You hit the orc.
You kill the orc!
The Council accepts your kill.
You start resting.
An orc warrior is nearby!
An orc warrior is nearby!
An orc knight comes into view. It is wielding a +0 war axe.
The orc knight shouts!
You hit the orc warrior but do no damage.
The orc warrior is poisoned.
You hear a shout!
The orc warrior hits you with a +0 flail!!
Ouch! That really hurt!
You die...

#........ ........#
...o..o
........####..o....
.........#@#..o....
#..<....#o#.......
##.#.....)).o.$.$.
###......o...#$.
#.#........#
###.......##
#..)....##
##...#.## ##.####


You could see an orc knight and an orc warrior (poisoned).

Vanquished Creatures
  A hydra (D:11)
  An ugly thing (D:11)
  An orc sorcerer (Orc:1)
  2 cyclopes (D:11)
  A queen bee (D:9)
  4 trolls
  2 wraiths
  10 yaks (D:11)
  A wyvern (D:11)
  A hornet zombie (D:11)
  2 sky beasts
  3 phantoms
  4 ice beasts
  7 orc warriors
  2 black bears (D:9)
  10 ogres
  2 centaurs
  A kobold brigand (D:8)
  10 bullfrogs
  4 scorpions
  33 killer bees
  9 wights
  4 howler monkeys
  2 quasits
  A bullfrog zombie (D:11)
  A centaur zombie (D:6)
  7 hounds
  5 centaur skeletons
  8 orc priests
  A jelly (D:6)
  An iguana (D:9)
  9 orc wizards
  10 worker ants
  A hound zombie (D:5)
  3 hound skeletons
  13 mummies (Ossuary)
  Robin (D:4)
  3 gnolls (D:6)
  15 adders
  2 shadow imps
  2 white imps
  An ufetubus (D:5)
  An ooze (D:3)
  A worm zombie (D:5)
  An adder skeleton (D:6)
  7 worms
  4 dart slugs
  7 leopard geckos
  34 orcs
  9 bats
  4 giant cockroaches
  17 goblins
  8 hobgoblins
  8 jackals
  14 kobolds
  8 quokkas
  2 ball pythons
  2 frilled lizards
  2 gnoll skeletons (Ossuary)
  2 goblin skeletons (Ossuary)
  A hobgoblin zombie (D:5)
  2 kobold skeletons (Ossuary)
  A leopard gecko skeleton (D:6)
  A leopard gecko zombie (D:5)
  2 orc skeletons (Ossuary)
  A quokka skeleton (D:7)
  7 rats
  11 rat skeletons (Ossuary)
358 creatures vanquished.

Vanquished Creatures (others)
  12 fungi (D:9)
  11 plants (D:9)
23 creatures vanquished.

Grand Total: 381 creatures vanquished

Notes
Turn   | Place    | Note
-------+----------+-------------------------------------------
     0 | D:1      | Leibowitz the Kobold Gladiator began the quest for the Orb.
     0 | D:1      | Reached XP level 1. HP: 12/12 MP: 1/1
   177 | D:1      | Reached XP level 2. HP: 17/17 MP: 2/2
   236 | D:1      | Reached skill level 1 in Stealth
   359 | D:1      | Reached XP level 3. HP: 22/22 MP: 3/3
   789 | D:2      | Found a blossoming altar of Fedhas.
  1101 | D:2      | Reached skill level 2 in Stealth
  1166 | D:2      | Reached XP level 4. HP: 27/27 MP: 4/4
  1366 | D:2      | Reached skill level 3 in Stealth
  1414 | D:2      | Reached skill level 1 in Armour
  1826 | D:2      | Reached XP level 5. HP: 31/31 MP: 5/5
  2462 | D:3      | Reached skill level 5 in Short Blades
  2484 | D:3      | Learned a level 3 spell: Confusing Touch
  2636 | D:3      | Found an ornate altar of the Wu Jian Council.
  2691 | D:3      | Found a shimmering blue altar of Sif Muna.
  2702 | D:3      | Reached skill level 4 in Stealth
  3026 | D:3      | Found a faded altar of an unknown god.
  3272 | D:3      | Found a radiant altar of Vehumet.
  3539 | D:3      | Reached XP level 6. HP: 36/36 MP: 3/6
  3681 | D:4      | Upgraded the game from 0.26-a0-720-g2a1d101370 to
                  | 0.27-a0-277-g024f7ef292
  3809 | D:4      | Noticed an ogre
  3832 | D:4      | Killed an ogre
  4170 | D:4      | Reached skill level 5 in Dodging
  4184 | D:4      | Noticed Robin
  4189 | D:4      | Killed Robin
  4416 | D:4      | Found a sparkling altar of Nemelex Xobeh.
  4432 | D:4      | Reached skill level 5 in Stealth
  4884 | D:5      | Entered Level 5 of the Dungeon
  4888 | D:5      | Reached skill level 1 in Hexes
  4888 | D:5      | Reached XP level 7. HP: 41/41 MP: 7/7
  5065 | D:5      | Found a staircase to the Ecumenical Temple.
  5083 | D:5      | Found a sand-covered staircase.
  5089 | D:5      | Found a glowing silver altar of Zin.
  5118 | Ossuary  | Entered an ossuary
  5379 | Ossuary  | Upgraded the game from 0.27-a0-277-g024f7ef292 to
                  | 0.27-a0-286-g37e0bc138e
  5452 | Ossuary  | Reached skill level 6 in Stealth
  5942 | D:5      | Reached XP level 8. HP: 40/46 MP: 5/8
  6562 | D:5      | Reached skill level 1 in Spellcasting
  6836 | Temple   | Entered the Ecumenical Temple
  7299 | D:3      | Became a worshipper of the Wu Jian Council
  7387 | D:4      | Reached skill level 7 in Stealth
  8165 | D:6      | Reached XP level 9. HP: 52/52 MP: 12/12
  8920 | D:6      | Found Vydipt's Book Emporium.
  8952 | D:6      | Found a stormy altar of Qazlal.
  9063 | D:6      | Reached * piety under Wu Jian
  9090 | D:6      | Found a basalt altar of Yredelemnul.
  9255 | D:6      | Found a shimmering altar of Xom.
  9650 | D:7      | Found Kyedad's Magic Scroll Emporium.
  9728 | D:7      | Reached skill level 8 in Stealth
  9728 | D:7      | Reached skill level 1 in Shields
 10210 | D:7      | Reached skill level 5 in Fighting
 10452 | D:7      | Found a sacrificial altar of Ru.
 10657 | D:8      | Reached skill level 9 in Stealth
 10896 | D:8      | Gained mutation: Your magical capacity is low. (-10% MP)
                  | [potion of mutation]
 10896 | D:8      | Gained mutation: Your flesh is heat resistant. (rF+)
                  | [potion of mutation]
 10912 | D:8      | Reached XP level 10. HP: 58/59 MP: 13/13
 10941 | D:8      | Found Teuhiaj's Book Emporium.
 11294 | D:8      | Found a hazy altar of Hepliaklqana.
 11558 | D:8      | Reached ** piety under Wu Jian
 11702 | D:8      | Reached skill level 10 in Stealth
 11742 | D:8      | Found an ancient bone altar of Kikubaaqudgha.
 12809 | D:9      | HP: 3/60 [poisoned by a killer bee]
 12815 | D:9      | HP: 3/60 [poisoned by a killer bee]
 12823 | D:9      | HP: 2/60 [poisoned by a killer bee]
 12985 | D:9      | Reached skill level 11 in Stealth
 13483 | D:9      | Reached XP level 11. HP: 36/64 MP: 11/15
 13730 | D:9      | Reached *** piety under Wu Jian
 13912 | D:9      | Found a staircase to the Orcish Mines.
 13933 | D:9      | Found a staircase to the Lair.
 14524 | D:10     | Entered Level 10 of the Dungeon
 14741 | D:10     | Reached skill level 12 in Stealth
 14791 | D:10     | Found Joxtepog's Assorted Antiques.
 14796 | D:10     | Bought a scroll labelled UTEDGHE HEMYI for 30 gold pieces
 14796 | D:10     | Bought a scroll labelled JUBEKL METZOO for 30 gold pieces
 15855 | D:11     | Found a gate leading to a gauntlet.
 15865 | Gauntlet | Entered a Gauntlet
 15865 | Gauntlet | Found a transporter.
 15875 | Gauntlet | Found a runed translucent door.
 15878 | Gauntlet | Noticed a hell hog
 15879 | Gauntlet | Noticed a balrug
 15887 | Gauntlet | Noticed a wizard
 15892 | Gauntlet | Noticed a wizard
 15900 | Gauntlet | Found a transporter.
 15920 | Gauntlet | Found a transporter.
 15924 | Gauntlet | Noticed a mana viper
 15924 | Gauntlet | a floating eye changed into a mana viper
 15925 | Gauntlet | a mana viper changed into a redback
 15926 | Gauntlet | Noticed a glowing orange brain
 15926 | Gauntlet | a redback changed into a glowing orange brain
 15927 | Gauntlet | Noticed an eight-headed hydra
 15927 | Gauntlet | a glowing orange brain changed into an eight-headed hydra
 15934 | Gauntlet | Found a transporter.
 15950 | Gauntlet | Noticed a shadow dragon
 15961 | Gauntlet | Noticed a death drake
 15967 | Gauntlet | Found a transporter.
 15989 | Gauntlet | Found a transporter.
 16017 | Gauntlet | Found a transporter.
 16049 | Gauntlet | Found a runed translucent door.
 16051 | Gauntlet | Found a transporter.
 16072 | Gauntlet | Found a transporter.
 16072 | Gauntlet | Found a transporter.
 16121 | Gauntlet | Found a transporter.
 16121 | Gauntlet | Found a transporter.
 16127 | Gauntlet | Noticed a shining eye
 16517 | D:11     | Reached **** piety under Wu Jian
 16631 | D:11     | Noticed a six-headed hydra
 16645 | D:11     | Killed a six-headed hydra
 16746 | D:11     | Noticed a cyclops
 16764 | D:11     | Killed a cyclops
 16765 | D:11     | Reached skill level 13 in Stealth
 16765 | D:11     | Reached skill level 5 in Hexes
 16785 | D:11     | Reached skill level 5 in Armour
 16922 | D:11     | Got a faintly glowing rapier
 16923 | D:11     | Identified the +4 rapier of the Lair of Beasts {vorpal,
                  | *Corrode Dex+3} (You found it on level 11 of the Dungeon)
 17025 | D:11     | Noticed a cyclops
 17039 | D:11     | Killed a cyclops
 17040 | D:11     | Reached XP level 12. HP: 68/72 MP: 12/16
 17151 | D:11     | Upgraded the game from 0.27-a0-286-g37e0bc138e to
                  | 0.27-a0-291-gd9602db6ee
 17692 | Orc:1    | Entered Level 1 of the Orcish Mines
 17804 | Orc:1    | Slain by an orc warrior

Illustrated notes

Levels and vault maps discovered:
D:1:      dpeg_arrival_simpleton_b, layout_loops_ring
D:2:      layout_basic, nicolae_overflow_crystal_walls, interstate_on_off,
          minmay_ruptured
D:3:      layout_basic, old_standard_altar, lemuel_doored_altar,
          lemuel_coloured_pillars_altar, chequers_ecumenical_altar_grove
D:4:      layout_basic, nemelex_altar_shiori, uniq_robin
D:5:      layout_basic, lemuel_crystal_altar, minmay_temple_entry_sparse_star,
          enter_ossuary_3, dk_noncrumbling_3
D:6:      layout_cave_pools, lemuel_crystal_altar, kennysheep_mini_moat,
          serial_co_window_serial, co_window_corner_a,
          co_window_of_opportunity_a, co_window_corner_a, co_window_corner_a,
          co_window_paths_a, co_window_of_opportunity_a, co_window_paths_c,
          co_window_of_opportunity_c, co_window_2corner, co_window_corner_cb,
          co_window_2corner, co_window_sun, glass_columns_a, glass_columns_a,
          glass_columns_a, glass_columns_a, serial_shops, shop,
          grunt_qazlal_sundering
D:7:      minmay_evil_eye, layout_rooms, nicolae_ru_the_path_less_chosen,
          serial_shops, shop
D:8:      layout_cave_pools, old_standard_altar, kiku_gazebo_pond_becter,
          serial_shops, kennysheep_mini
D:9:      layout_long_grid, grunt_lair_entry_orc_guard_hut, orc_david_3,
          special_room [special_room_bee], supply_closet_lemuel,
          minmay_misc_feat_x, minmay_starry_boxes
D:10:     layout_loops_corners, serial_shops, nicolae_shop_stone,
          hangedman_decor_diamond_cutter
D:11:     layout_stronghold, gauntlet_entry_generic, kennysheep_generic_room_3
Temple:   minmay_temple_curvy_loop
Orc:1:    layout_diamond_mine, special_room [special_room_orc], uniq_snorg

Skill      XL: |  1  2  3  4  5  6  7  8  9 10 11 |
---------------+----------------------------------+-----
Dodging        | 4 5 6 7 8 |  8.8
Stealth        | 1 2 3 4 5 6 7 9 11 13 | 13.7
Armour         | 1 2 3 4 5 |  5.3
Short Blades   | 5 6 7 8 9 |  9.5
Fighting       | 3 4 5 6 7 |  7.1
Hexes          | 1 2 3 5 |  5.4
Spellcasting   | 2 3 4 |  4.2
Shields        | 1 2 4 |  4.2
Throwing       | |  2.1
Evocations     | |  0.5

Action                   |  1- 3 |  4- 6 |  7- 9 | 10-12 || total
-------------------------+-------+-------+-------+-------++-------
Melee: Rapier            |    62 |   113 |   126 |    58 ||   359
       Dagger            |       |   114 |   388 |   676 ||  1178
 Cast: Confusing Touch   |       |     2 |     9 |    11 ||    22
Invok: Lunge             |       |       |    26 |    55 ||    81
       Whirlwind         |       |       |     2 |     9 ||    11
 Abil: Evoke Invisibilit |       |       |       |     5 ||     5
  Use: Potion            |       |       |     8 |     6 ||    14
       Scroll            |       |       |     4 |    11 ||    15
 Stab: Sleeping          |    18 |    20 |    39 |    60 ||   137
       Confused          |       |     1 |     2 |    12 ||    15
       Distracted        |       |       |     1 |     1 ||     2
       Invisible         |       |       |       |    13 ||    13
Armor: Leather armour    |     6 |    40 |    41 |    40 ||   127
Dodge: Dodged            |    26 |   151 |   257 |   378 ||   812
Block: Buckler           |       |     3 |    33 |   176 ||   212

Table legend: (Time is in decaauts)
 A = Elapsed time spent in this place.
 B = Non-inter-level travel time spent in this place.
 C = Inter-level travel time spent in this place.
 D = Time resting spent in this place.
 E = Time spent auto-exploring this place.
 F = Levels seen in this place.
 G = Mean time per level.
                   A        B        C        D        E       F      G
               +--------+--------+--------+--------+--------+-----+--------+
         Total |  17379 |  16757 |    622 |   4485 |   9137 |  15 | 1158.6 |
       Dungeon |  15974 |  15369 |    605 |   4082 |   8588 |  11 | 1452.2 |
        Temple |    253 |    237 |     16 |      0 |    234 |   1 |  253.0 |
  Orcish Mines |     79 |     79 |      0 |      7 |      7 |   1 |   79.0 |
       Ossuary |    789 |    789 |      0 |    396 |    144 |   1 |  789.0 |
      Gauntlet |    282 |    282 |      0 |      0 |    163 |   1 |  282.0 |
               +--------+--------+--------+--------+--------+-----+--------+

Top non-repeatable levels by time:
     D:9: 2553 daAuts
     D:3: 2142 daAuts
     D:4: 1692 daAuts
     D:6: 1481 daAuts
    D:11: 1470 daAuts
     D:8: 1266 daAuts
    D:10: 1228 daAuts
     D:5: 1226 daAuts
     D:2: 1218 daAuts
     D:7: 977 daAuts
 Ossuary: 789 daAuts
     D:1: 717 daAuts
Gauntlet: 282 daAuts
  Temple: 253 daAuts
   Orc:1: 79 daAuts
